Map: Ever Dream LE

Players

AfreecaDRG (DRG)

  • Race: Zerg Zerg
  • League: Master
  • Spawn Location: 7:00

Stats - Winner!

  • Race: Protoss Protoss
  • League: Grandmaster
  • Spawn Location: 1:00

Event: DreamHack SC2 Masters 2020 Fall

VOD

Have the link to the VOD?

Description

Time

  • Played on: Sept. 16, 2020, 10:23 a.m.
  • Length: 25:02

All games in this series

Show
View Real Time Build Order
Export as new Build Order

AfreecaDRG Zerg 

Build Orders: Hatch First, Lurkers, Roach Hydra 

Get SALT Encoding   

  12  0:00  Drone  
  13  0:12  Overlord  
  13  0:16  Drone  
  14  0:30  Drone x2  
  16  0:44  Drone x2  
  18  0:53  Hatchery  
  18  0:56  Drone  
  18  0:58  Extractor  
  17  1:12  Spawning Pool  
  17  1:15  Drone  
  17  1:19  Drone  
  18  1:27  Drone  
  19  1:38  Drone  
  20  1:49  Drone  
  21  2:00  Zergling x2  
  22  2:05  Queen x2, Metabolic Boost  
  22  2:06  Overlord  
  26  2:10  Drone  
  27  2:16  Drone  
  28  2:25  Drone  
  28  2:27  Drone  
  30  2:34  Hatchery  
  30  2:36  Zergling x2  
  30  2:39  Drone  
  30  2:42  Zergling x2  
  32  2:47  Queen  
  34  2:53  Overlord  
  34  2:55  Drone  
  35  2:59  Zergling x2  
  35  3:04  Drone  
  36  3:12  Overlord  
  36  3:13  Drone x3  
  36  3:14  Drone  
  36  3:17  Drone  
  41  3:20  Drone x2  
  43  3:28  Drone  
  43  3:29  Queen  
  43  3:33  Spore Crawler  
  45  3:35  Drone  
  45  3:37  Drone  
  45  3:39  Drone  
  48  3:44  Queen  
  48  3:46  Overlord  
  50  3:49  Overlord  
  50  3:58  Overlord  
  50  4:01  Overlord  
  50  4:05  Overlord  
  49  4:10  Drone x5  
  49  4:12  Drone  
  49  4:14  Spore Crawler  
  54  4:19  Drone  
  55  4:25  Drone x5  
  55  4:26  Evolution Chamber  
  55  4:29  Drone  
  60  4:32  Drone  
  60  4:36  Drone  
  60  4:37  Drone  
  60  4:38  Roach Warren  
  62  4:40  Drone x2  
  62  4:41  Drone  
  62  4:44  Drone x2  
  67  4:48  Drone, Extractor  
  67  4:49  Drone, Extractor  
  67  4:51  Zerg Missile Weapons Level 1  
  67  4:53  Drone  
  67  4:54  Drone  
  67  4:58  Lair  
  69  5:01  Drone x3  
  69  5:02  Drone  
  69  5:04  Drone  
  69  5:06  Drone  
  69  5:07  Drone  
  76  5:09  Extractor, Overlord  
  76  5:12  Drone x3  
  78  5:14  Overlord  
  78  5:17  Drone, Extractor  
  78  5:19  Drone  
  78  5:20  Drone x2, Extractor  
  80  5:23  Drone, Spore Crawler  
  80  5:25  Drone  
  80  5:27  Overlord  
  81  5:32  Zergling x6  
  83  5:45  Zergling x2  
  83  5:47  Overlord  
  84  5:51  Zergling x2  
  84  5:52  Zergling x2  
  84  5:53  Hatchery  
  84  5:54  Roach x4  
  93  5:58  Glial Reconstitution  
  93  6:01  Hydralisk Den  
  93  6:02  Overseer  
  91  6:04  Roach x4  
  91  6:05  Overlord  
  91  6:06  Pneumatized Carapace  
  91  6:08  Overseer  
  91  6:11  Overlord  
  99  6:12  Drone x2  
  99  6:17  Roach x3  
  106  6:22  Overlord x2  
  106  6:29  Roach x4  
  114  6:33  Grooved Spines  
  114  6:35  Drone x3  
  114  6:36  Drone  
  118  6:41  Hydralisk x2  
  121  6:47  Unknown  
  121  6:48  Zerg Missile Weapons Level 2  
  121  6:52  Hydralisk x3  
  123  7:09  Queen  
  123  7:12  Hydralisk x7  
  123  7:14  Overlord  
  139  7:18  Hydralisk x2  
  139  7:22  Overlord x3  
  143  7:27  Hydralisk x3  
  149  7:32  Roach  
  149  7:34  Zergling x8  
  155  7:39  Ravager x3  
  155  7:43  Hydralisk x3  
  163  7:45  Muscular Augments  
  163  7:49  Roach x4  
  171  7:53  Zergling x10  
  179  7:58  Roach x3  
  179  8:03  Overlord  
  175  8:10  Hydralisk  
  175  8:13  Overlord x2  
  176  8:20  Zergling x2  
  166  8:27  Zergling x18  
  166  8:32  Roach  
  166  8:33  Roach x6  
  168  8:36  Roach x2  
  168  8:37  Roach  
  150  8:43  Hydralisk x3  
  150  8:47  Hydralisk  
  150  8:48  Hydralisk  
  139  8:53  Roach x3  
  145  8:56  Ravager x3  
  145  9:01  Drone, Lurker Den  
  145  9:02  Overseer  
  148  9:05  Zerg Ground Armor Level 1  
  145  9:13  Roach x6  
  152  9:24  Zergling x10  
  157  9:30  Hydralisk x3, Hatchery  
  162  9:36  Infestation Pit  
  161  9:42  Hydralisk x3  
  167  9:49  Overseer  
  151  9:54  Hydralisk x6  
  158  10:08  Drone x5  
  158  10:11  Lurker  
  158  10:12  Lurker x8  
  172  10:17  Hive  
  172  10:23  Hydralisk x3  
  172  10:26  Zergling x10  
  180  10:38  Hydralisk x5  
  172  10:45  Hydralisk x3  
  172  10:49  Drone x5  
  183  11:00  Zerg Ground Armor Level 2  
  183  11:07  Hydralisk  
  183  11:08  Hydralisk x2  
  189  11:15  Drone x2  
  189  11:16  Overlord  
  189  11:17  Extractor  
  190  11:26  Hydralisk x4  
  190  11:28  Overlord  
  190  11:30  Overseer  
  190  11:32  Extractor, Seismic Spines  
  197  11:36  Overlord  
  197  11:53  Drone x5  
  194  11:57  Viper x2  
  194  11:59  Spore Crawler x2  
  194  12:00  Spore Crawler x3  
  195  12:03  Spore Crawler  
  191  12:09  Spire  
  191  12:10  Spire  
  191  12:14  Spine Crawler  
  191  12:15  Spine Crawler x2  
  185  12:19  Overlord  
  185  12:20  Overlord, Overseer x2  
  179  12:24  Drone x5  
  179  12:29  Adaptive Talons  
  184  12:35  Lurker x7  
  192  12:37  Drone x3  
  192  12:39  Spore Crawler  
  192  12:40  Spore Crawler  
  192  12:42  Spore Crawler  
  192  12:43  Drone x2  
  193  12:48  Spine Crawler  
  193  12:49  Spine Crawler x2  
  193  12:50  Spine Crawler  
  189  12:52  Spore Crawler  
  189  12:53  Overseer  
  186  13:03  Drone x3  
  189  13:05  Evolution Chamber  
  186  13:20  Drone  
  186  13:21  Drone x3  
  186  13:25  Drone x3  
  193  13:27  Zerg Flyer Weapons Level 1  
  193  13:28  Zerg Flyer Armor Level 1, Spore Crawler  
  193  13:29  Spore Crawler x2  
  193  13:32  Spore Crawler  
  193  13:33  Corruptor x5  
  198  13:43  Spore Crawler  
  198  13:44  Spore Crawler  
  198  13:45  Spore Crawler  
  198  13:46  Spore Crawler  
  194  13:49  Spore Crawler  
  194  13:50  Spore Crawler  
  194  13:52  Overseer  
  194  13:53  Overseer x2  
  194  13:54  Zerg Ground Armor Level 3, Zerg Missile Weapons Level 3  
  184  14:07  Corruptor x4  
  188  14:28  Corruptor x4  
  196  14:34  Hatchery  
  195  14:48  Spine Crawler  
  195  14:49  Spine Crawler  
  193  14:54  Corruptor x3  
  193  14:56  Spore Crawler  
  193  14:59  Spore Crawler x3  
  192  15:07  Viper  
  192  15:08  Viper  
  198  15:23  Overlord  
  198  15:25  Zerg Flyer Weapons Level 2  
  198  15:26  Zerg Flyer Armor Level 2, Adrenal Glands  
  198  15:41  Spore Crawler  
  198  15:42  Drone x3, Spore Crawler  
  199  15:45  Drone  
  199  15:47  Spore Crawler  
  199  15:48  Spore Crawler  
  198  15:50  Ultralisk Cavern  
  198  15:53  Drone x3, Evolution Chamber  
  198  15:55  Evolution Chamber  
  198  15:56  Evolution Chamber  
  191  16:09  Corruptor x3  
  191  16:11  Drone x9  
  200  16:19  Overlord  
  200  16:20  Overlord, Overseer  
  200  16:22  Overseer  
  200  16:23  Overseer  
  200  16:27  Overlord  
  200  16:37  Overlord, Overseer  
  200  16:38  Overseer  
  200  16:40  Chitinous Plating, Zerg Melee Weapons Level 1  
  200  16:47  Spore Crawler x2  
  200  16:50  Spore Crawler  
  200  16:51  Spore Crawler  
  200  16:52  Spore Crawler  
  192  17:00  Drone x3  
  195  17:04  Spore Crawler  
  195  17:05  Spore Crawler  
  193  17:12  Drone x2  
  193  17:13  Drone x5  
  200  17:30  Spore Crawler x2  
  200  17:32  Drone x2  
  200  17:40  Spore Crawler  
  200  17:41  Spore Crawler  
  200  17:42  Zerg Flyer Armor Level 3, Zerg Flyer Weapons Level 3  
  200  17:43  Spore Crawler  
  175  17:51  Drone  
  175  17:52  Drone x2  
  175  17:53  Extractor x2  
  176  17:59  Anabolic Synthesis  
  176  18:21  Ultralisk x4  
  176  18:22  Overseer  
  200  18:48  Hatchery  
  193  19:09  Corruptor  
  193  19:12  Pathogen Glands  
  193  19:13  Spore Crawler  
  193  19:14  Spore Crawler  
  193  19:15  Drone x2, Spore Crawler  
  193  19:16  Drone  
  195  19:17  Spore Crawler  
  195  19:19  Spore Crawler x2  
  168  19:36  Corruptor x3  
  168  19:41  Lurker  
  168  19:42  Hydralisk x8  
  184  19:46  Corruptor  
  184  19:47  Corruptor x2  
  185  20:07  Zerg Melee Weapons Level 2  
  185  20:09  Neural Parasite  
  185  20:11  Overlord  
  185  20:12  Overlord  
  185  20:13  Lurker x8  
  190  20:21  Corruptor x2  
  190  20:25  Overseer  
  189  20:47  Drone x2  
  189  20:49  Overseer  
  191  20:53  Spore Crawler  
  191  20:54  Spore Crawler x2  
  191  20:55  Spore Crawler  
  191  20:56  Spine Crawler  
  186  21:08  Overseer  
  186  21:10  Overseer  
  186  21:12  Overseer  
  186  21:15  Hatchery  
  186  21:16  Infestor x4  
  193  21:18  Hatchery  
  192  21:29  Drone x2  
  192  21:32  Spine Crawler  
  193  21:33  Overlord  
  193  21:34  Spore Crawler  
  193  21:35  Viper x2  
  198  21:50  Spore Crawler x2  
  198  21:51  Spore Crawler x2  
  198  21:52  Spine Crawler  
  198  21:53  Spine Crawler  
  189  22:16  Drone x6  
  189  22:20  Spore Crawler  
  189  22:22  Spore Crawler  
  193  22:23  Drone  
  194  22:34  Spore Crawler  
  194  22:35  Infestor x4, Spore Crawler  
  194  22:36  Overlord, Spore Crawler x2  
  194  22:37  Spore Crawler  
  197  22:39  Overseer  
  197  22:42  Overlord, Overseer x3  
  195  22:54  Overseer x7  
  195  23:01  Drone  
  195  23:02  Drone x2  
  195  23:04  Spine Crawler  
  195  23:05  Spine Crawler x2  
  195  23:16  Overlord  
  195  23:21  Burrow  
  195  23:51  Spore Crawler x3  
  195  23:53  Spine Crawler  
  195  23:55  Spine Crawler  
  118  24:11  Zergling x12  
  110  24:21  Ultralisk x2  
  110  24:22  Zergling x12  
  110  24:23  Zergling x10  
  110  24:24  Zergling x16  
  144  24:39  Zergling x2  
  144  24:41  Overlord x2  
  144  24:45  Zergling x6  
Show
View Real Time Build Order
Export as new Build Order

Stats Protoss - Winner!

Build Orders: 1 Gate Expand, Oracle Opening, Archon Immortal, Carriers, Archon Drop 

Get SALT Encoding   

  12  0:00  Probe  
  13  0:13  Pylon  
  13  0:17  Probe (Chrono Boost)  
  14  0:27  Probe (Chrono Boost)  
  15  0:32  Probe (Chrono Boost)  
  16  0:39  Gateway  
  16  0:43  Probe  
  16  0:47  Assimilator  
  17  0:55  Probe  
  18  1:07  Probe  
  19  1:20  Probe  
  20  1:25  Nexus  
  20  1:34  Cybernetics Core  
  20  1:37  Probe  
  21  1:43  Assimilator  
  21  1:49  Probe  
  21  1:52  Pylon  
  23  2:01  Probe  
  23  2:09  Adept (Chrono Boost)  
  23  2:10  Warp Gate  
  23  2:13  Probe  
  26  2:25  Probe  
  26  2:27  Stargate  
  26  2:29  Adept (Chrono Boost)  
  29  2:38  Probe (Chrono Boost)  
  29  2:42  Probe (Chrono Boost)  
  31  2:48  Probe (Chrono Boost)  
  33  2:52  Probe (Chrono Boost)  
  33  2:53  Probe (Chrono Boost)  
  36  3:01  Probe  
  36  3:02  Void Ray (Chrono Boost)  
  36  3:05  Probe  
  38  3:07  Gateway  
  40  3:14  Probe  
  40  3:17  Probe  
  42  3:20  Pylon  
  42  3:26  Probe  
  43  3:27  Pylon  
  43  3:29  Probe  
  44  3:38  Oracle, Probe  
  44  3:39  Assimilator  
  48  3:41  Probe  
  48  3:48  Pylon  
  49  3:50  Assimilator, Probe  
  49  3:53  Probe  
  51  4:00  Adept  
  51  4:02  Adept, Probe  
  56  4:05  Probe  
  57  4:12  Nexus  
  57  4:18  Probe x2  
  57  4:22  Pylon  
  59  4:26  Sentry x2  
  59  4:30  Probe x2  
  65  4:31  Pylon  
  65  4:38  Robotics Facility  
  65  4:41  Forge  
  65  4:46  Twilight Council  
  65  4:47  Shield Battery  
  65  4:53  Probe x2  
  67  5:00  Gateway  
  67  5:03  Gateway  
  67  5:06  Probe  
  67  5:07  Probe  
  69  5:14  Protoss Ground Weapons Level 1 (Chrono Boost), Charge  
  69  5:19  Probe x2  
  71  5:21  Assimilator  
  71  5:25  Templar Archives, Assimilator  
  71  5:28  Warp Prism  
  71  5:30  Probe (Chrono Boost)  
  71  5:33  Probe (Chrono Boost)  
  71  5:35  Probe (Chrono Boost)  
  76  5:43  Probe x3 (Chrono Boost)  
  76  5:49  Probe  
  79  5:50  Probe x2  
  79  5:53  Gateway x2  
  82  5:58  Pylon  
  82  6:02  Probe x3  
  85  6:05  High Templar x3  
  85  6:07  High Templar  
  93  6:11  Archon x2  
  93  6:12  Pylon  
  93  6:14  Probe x3  
  96  6:21  Gateway  
  96  6:22  Gateway  
  96  6:23  Photon Cannon  
  96  6:27  Pylon  
  96  6:28  Psionic Storm  
  96  6:39  Observer (Chrono Boost)  
  97  6:41  Nexus  
  97  6:42  Pylon  
  97  6:57  Immortal (Chrono Boost)  
  97  6:58  Photon Cannon  
  97  7:00  Shield Battery, Probe x2  
  97  7:01  Probe  
  104  7:15  High Templar x4  
  112  7:16  Zealot x3, High Templar  
  112  7:18  Protoss Ground Weapons Level 2 (Chrono Boost), Photon Cannon  
  112  7:20  Photon Cannon  
  112  7:22  Shield Battery  
  120  7:26  Immortal (Chrono Boost)  
  124  7:37  Shield Battery  
  124  7:39  Shield Battery  
  124  7:42  Pylon x2  
  124  7:43  High Templar  
  126  7:48  Zealot x3  
  132  7:55  Assimilator  
  132  7:56  Probe x2  
  132  7:57  Probe  
  135  7:59  Assimilator, Probe  
  136  8:05  Shield Battery  
  136  8:07  Photon Cannon  
  136  8:08  Probe  
  136  8:09  Probe x2  
  136  8:11  Photon Cannon x2  
  137  8:13  Photon Cannon  
  137  8:14  Immortal (Chrono Boost)  
  141  8:25  Zealot x4  
  139  8:31  Archon x2  
  128  8:35  Zealot x4  
  124  8:42  Probe x2  
  124  8:43  Probe x2  
  124  8:46  Immortal  
  124  8:47  High Templar x2  
  128  8:49  High Templar x2  
  128  8:52  Photon Cannon  
  128  8:53  Shield Battery  
  132  9:02  High Templar x2  
  136  9:06  High Templar x2  
  140  9:17  Photon Cannon  
  140  9:20  Pylon  
  140  9:23  Photon Cannon  
  140  9:25  Photon Cannon  
  140  9:26  Archon  
  140  9:36  Immortal (Chrono Boost)  
  140  9:37  Fleet Beacon  
  140  9:38  Stargate  
  144  9:40  Zealot x7  
  144  9:42  Stargate  
  158  9:46  Protoss Air Weapons Level 1 (Chrono Boost)  
  158  10:03  Zealot x7, Protoss Ground Weapons Level 3  
  172  10:07  Photon Cannon x2  
  172  10:10  Shield Battery  
  172  10:21  Pylon  
  172  10:22  Pylon  
  172  10:23  Pylon  
  172  10:24  Pylon  
  172  10:36  Observer  
  172  10:39  Mothership  
  151  10:44  Carrier x3 (Chrono Boost)  
  177  10:57  Zealot x3  
  177  11:03  Pylon  
  183  11:28  Nexus  
  183  11:32  Carrier x2 (Chrono Boost)  
  183  11:35  Shield Battery  
  187  11:41  Carrier  
  193  11:59  Shield Battery  
  193  12:02  Shield Battery  
  193  12:03  Shield Battery  
  193  12:07  Unknown  
  193  12:12  Photon Cannon  
  193  12:13  Photon Cannon  
  193  12:15  Photon Cannon  
  193  12:16  Photon Cannon  
  193  12:32  Observer (Chrono Boost)  
  193  12:34  Robotics Facility  
  193  12:36  Gateway  
  194  12:38  Gateway  
  194  12:39  Carrier (Chrono Boost)  
  194  12:40  Gateway  
  194  12:43  Gateway  
  200  12:45  Gateway  
  200  13:00  Carrier (Chrono Boost)  
  198  13:19  Protoss Shields Level 1 (Chrono Boost)  
  196  13:21  Carrier (Chrono Boost)  
  200  13:29  Protoss Air Weapons Level 2  
  200  13:34  Cybernetics Core  
  200  13:39  Forge  
  200  13:42  Photon Cannon  
  200  13:44  Photon Cannon  
  200  14:12  Protoss Ground Armor Level 1 (Chrono Boost)  
  200  14:13  Nexus  
  200  14:14  Photon Cannon  
  200  14:15  Photon Cannon, Pylon  
  200  14:16  Blink (Chrono Boost)  
  200  14:17  Photon Cannon  
  200  14:19  Photon Cannon  
  200  14:22  Protoss Air Armor Level 1  
  200  14:25  Warp Prism (Chrono Boost)  
  200  14:27  Pylon  
  196  14:57  Mothership  
  182  15:14  High Templar x2  
  200  15:15  High Templar x2  
  200  15:20  Protoss Shields Level 2 (Chrono Boost)  
  198  15:21  Photon Cannon  
  198  15:22  Photon Cannon  
  198  15:24  Photon Cannon  
  198  15:26  Photon Cannon  
  198  15:27  Photon Cannon  
  198  15:29  Shield Battery  
  198  15:31  Shield Battery  
  198  15:33  Shield Battery  
  198  15:35  Assimilator  
  198  15:37  Assimilator  
  198  15:41  Shield Battery  
  198  15:42  Photon Cannon  
  198  15:46  Gateway x2  
  198  15:49  Gateway  
  199  15:50  Observer  
  199  15:51  Gateway  
  199  15:55  Oracle (Chrono Boost)  
  199  15:58  Protoss Ground Armor Level 2 (Chrono Boost)  
  182  16:05  Carrier (Chrono Boost)  
  191  16:15  Carrier (Chrono Boost)  
  191  16:30  Carrier (Chrono Boost)  
  191  16:36  Observer  
  191  16:37  Stargate  
  191  16:39  Stargate x2  
  197  16:40  Stargate  
  197  16:43  Stargate  
  197  17:00  Carrier (Chrono Boost)  
  199  17:38  Nexus  
  199  17:56  Protoss Shields Level 3 (Chrono Boost)  
  199  18:01  Nexus  
  199  18:04  Pylon  
  199  18:05  Protoss Air Weapons Level 3  
  199  18:11  Protoss Air Armor Level 2  
  199  18:18  Protoss Ground Armor Level 3 (Chrono Boost)  
  199  18:20  Assimilator  
  199  18:25  Assimilator  
  199  18:30  Photon Cannon  
  199  18:32  Photon Cannon  
  199  18:33  Photon Cannon  
  199  18:34  Photon Cannon  
  199  18:35  Photon Cannon  
  199  18:37  Shield Battery  
  199  18:38  Shield Battery  
  199  18:39  Shield Battery  
  199  18:41  Shield Battery, Pylon  
  199  18:45  Assimilator  
  199  18:49  Assimilator  
  185  19:10  Archon  
  185  19:11  Zealot x7  
  167  19:34  High Templar x7  
  167  19:35  Zealot x8, High Templar  
  167  19:38  Archon x2  
  194  19:39  Archon x2  
  192  19:55  Zealot  
  192  19:56  Zealot x2  
  192  19:58  Zealot  
  198  20:40  Immortal x2 (Chrono Boost)  
  198  20:51  Photon Cannon  
  198  20:52  Photon Cannon  
  198  20:53  Protoss Air Armor Level 3 (Chrono Boost)  
  198  20:54  Photon Cannon  
  198  20:56  Photon Cannon  
  198  20:57  Photon Cannon  
  198  20:58  Photon Cannon  
  198  20:59  Shield Battery  
  198  21:02  Shield Battery  
  198  21:03  High Templar x2  
  198  21:04  High Templar x2, Shield Battery  
  196  21:21  Immortal (Chrono Boost)  
  198  21:30  Pylon x2  
  198  21:35  Pylon  
  198  21:38  Pylon  
  198  22:17  Immortal (Chrono Boost)  
  198  22:35  Pylon  
  198  22:43  Zealot  
  190  24:06  Stalker  
  190  24:07  Stalker x8  
  190  24:08  Stalker  
  200  24:16  Stalker x2  
  200  24:23  Stalker  
  200  24:24  Stalker x3  
  180  24:45  High Templar x4  
  172  24:46  High Templar x4, Stalker  
  172  24:47  Stalker x2  
  172  24:52  Archon x4  

Tags
 
Add a new tag
Caveats
  • Supply blocks, unpowered buildings, or Contaminate may cause inaccurate times.
  • Supply counts are checked every 10 seconds.